 Dungeon Crawl Stone Soup version 0.31-a0-656-gb4d89c20fa (webtiles) character file.

Game seed: 15148590600122956396

23 Xavori the Trooper (level 3, -2/26 HPs)
             Began as an Octopode Chaos Knight on Aug 30, 2023.
             Was a Plaything of Xom.
             Slain by an iron imp (8 damage)
             ... summoned by Xom
             ... on level 1 of the Dungeon.
             The game lasted 00:00:36 (499 turns).

Xavori the Trooper (Octopode Chaos Knight)           Turns: 499, Time: 00:00:36

Health: -2/26      AC:  3    Str: 11    XL:     3   Next: 0%
Magic:  3/3        EV: 13    Int: 12    God:    Xom [...*..]
Gold:   28         SH:  0    Dex: 13    Spells: 2/2 levels left

rFire   . . .        d - +2 short sword (holy)
rCold   . . .        (no shield)
rNeg    . . .        f - +2 hat
rPois   .            (no amulet)
rElec   .            (no ring)
rCorr   .            (no ring)
SInv    .            (no ring)
Will    .....        (no ring)
Stlth   +++          (no ring)
HPRegen 0.24/turn    (no ring)
MPRegen 0.08/turn    (no ring)
                     (no ring)

%: no passive effects
@: no status effects
A: almost no armour, amphibious, 8 rings, camouflage 2, gelatinous body 1,
(nimble swimmer 1), tentacles, antennae 1, dopey 1, evolution 1
a: Renounce Religion


You were on level 1 of the Dungeon.
You worshipped Xom.
You were a favourite toy of Xom.
You visited 1 branch of the dungeon, and saw 1 of its levels.

You collected 28 gold pieces.

Inventory:

Hand Weapons
 a - a +0 short sword of chaos
 d - a +2 short sword of holy wrath (weapon)
Armour
 f - a +2 hat (worn)
Scrolls
 b - a scroll of butterflies
 c - 2 scrolls of identify {unknown}
 e - a scroll of noise {unknown}


   Skills:
 + Level 3.4 Fighting
 + Level 3.3 Short Blades
 + Level 2.6 Dodging
 + Level 0.7 Stealth


You had 2 spell levels left.
You didn't know any spells.
Your spell library was empty.

Dungeon Overview and Level Annotations

Branches:
Dungeon (1/15)

Altars:


Innate Abilities, Weirdness & Mutations

You cannot wear most types of armour.
You are amphibious.
You can wear up to eight rings at the same time.
Your skin blends seamlessly with your surroundings (Stealth++).
Your rubbery body absorbs attacks. (AC +1, EV +1)
((You are camouflaged when in or above water. (Stealth+)))
You have tentacles for arms and can constrict up to eight enemies at once.
You have a pair of small antennae on your head.
You are dopey. (Int -2)
You have hidden genetic potential.


Message History

You constrict the ball python. The ball python barely misses you.
The ball python constricts you. The quokka closely misses you.
You puncture the ball python!
You kill the ball python!
You constrict the quokka. The quokka bites you.
You hit the quokka.
You kill the quokka!
You have reached level 3!
Your experience leads to an increase in your attributes!
Your base attributes are Str 11, Int 14, Dex 11.
Increase (S)trength, (I)ntelligence, or (D)exterity?
You feel agile. x2
Search for what [? for help]? hart Can't find anything matching that.
Unknown command.
Search for what [Enter for "hart", or ? for help]? hat You see here a +2 hat.
f - a +2 hat You start putting on your armour.
You continue putting on your +2 hat. x4
You finish putting on your +2 hat. "Fight to survive, mortal."
You are now a favourite toy of Xom.
There are monsters nearby!
The ynoxinul gestures at you. The entropic shot hits you!
Ouch! That really hurt!
A shower of butterflies erupts from you!
There are monsters nearby!
You are too injured to fight recklessly!
There are monsters nearby!
You are too injured to fight recklessly!
There are monsters nearby!
The iron imp hits you.
* * * LOW HITPOINT WARNING * * *
A rat comes into view.
The iron imp barely misses you.
You hit the rat.
You kill the rat!
The iron imp hits you!
You die...

#.♣# #♣.♣# #♣.♣# #♣..####†
#..♣♣♣...♣♣♣...♣♣♣.....##.
#....................#....
#######....##......#######
#...........## #...
#....##.....# #...
#b.bb##.....# #...
#..3.######## #... #..@5#
#... #######†# #...
........### ####...
.###......# ##......
###....######..#####
###...##....## ###.##.####
###.......# #.........###


You could see a ynoxinul (summoned, ally target) and an iron imp (summoned).

Vanquished Creatures
  A dart slug (D:1)
  An endoplasm (D:1)
  A hobgoblin (D:1)
  2 quokkas (D:1)
  6 ball pythons (D:1)
  2 bats (D:1)
  2 frilled lizards (D:1)
  2 goblins (D:1)
  3 kobolds (D:1)
  3 rats (D:1)
23 creatures vanquished.

Notes
Turn   | Place    | Note
-------+----------+-------------------------------------------
     0 | D:1      | Xavori the Octopode Chaos Knight began the quest for the
                  | Orb.
     0 | D:1      | Reached XP level 1. HP: 16/16 MP: 1/1
   103 | D:1      | XOM: give mutations
   103 | D:1      | Gained mutation: You have hidden genetic potential. [Xom's
                  | mischief]
   103 | D:1      | Gained mutation: You have a pair of small antennae on your
                  | head. [Xom's mischief]
   103 | D:1      | Gained mutation: You are dopey. (Int -2) [Xom's mischief]
   133 | D:1      | Reached XP level 2. HP: 21/21 MP: 2/2
   179 | D:1      | Gained mutation: Your skin blends seamlessly with your
                  | surroundings (Stealth++). [hidden potential]
   405 | D:1      | XOM: noise
   412 | D:1      | Reached XP level 3. HP: 20/26 MP: 3/3
   495 | D:1      | XOM: summons 2 hostile demons
   496 | D:1      | Noticed a ynoxinul
   496 | D:1      | XOM: butterfly on damage
   499 | D:1      | Slain by an iron imp

Illustrated notes

Levels and vault maps discovered:
D:1:      dpeg_arrival_long_road, layout_rooms, minmay_stone_trees_large,
          moated_statue, minmay_unequal

Action                     || total
---------------------------++-------
  Melee: Short sword       ||    42
         Constrict         ||    13
         Tentacles         ||     2
   Stab: Distracted        ||     1
         Sleeping          ||     4
 Armour: Skin              ||     2
  Dodge: Dodged            ||    30

Table legend: (Time is in decaauts)
 A = Elapsed time spent in this place.
 B = Non-inter-level travel time spent in this place.
 C = Inter-level travel time spent in this place.
 D = Time resting spent in this place.
 E = Time spent auto-exploring this place.
 F = Levels seen in this place.
 G = Mean time per level.
                   A        B        C        D        E       F      G
               +--------+--------+--------+--------+--------+-----+--------+
         Total |    491 |    448 |     43 |      0 |    318 |   1 |  491.0 |
       Dungeon |    491 |    448 |     43 |      0 |    318 |   1 |  491.0 |
               +--------+--------+--------+--------+--------+-----+--------+

Top non-repeatable levels by time:
     D:1: 491 daAuts
